AoeStats
← Krivler | Murphy

Arena

510097134Analyzed
1v1 RM · 2d ago on Sep 29, 2026· 62m 55s· 2 players
Game mode
Random Map
Map size
Tiny (2 player)
Population
200
Speed
Normal
Resources
Standard
Victory
Conquest
Starting age
Dark Age
Ending age
Imperial Age
RankedLock teamsTeams togetherTeam positionsShared explorationLock speedFull tech treeHidden civsTurbo modeCheats
Victory
Defeat
🇹🇷 Berbers · Türkiye
983
+15
🇹🇷 Mongols · Türkiye
959
-15
Krivler | Murphy
11:20 Feudal Age
16:15 Castle Age
14:03 Double-Bit Axe
20:15 Imperial Age
22:50 Fletching
23:52 Wheelbarrow
24:00 Bodkin Arrow
28:21 Scale Barding Armor
28:17 Bracer
29:59 Stone Mining
31:42 Horse Collar
32:08 Padded Archer Armor
32:31 Chain Barding Armor
34:03 Conscription
35:31 Ballistics
36:12 Chemistry
34:47 Light Cavalry
35:20 Capped Ram
35:40 Elite Mangudai
35:55 Hussar
36:47 Bloodlines
37:27 Hand Cart
37:32 Bow Saw
38:38 Town Watch
39:24 Husbandry
38:51 Siege Ram
39:48 Gold Mining
40:53 Forging
42:44 Iron Casting
44:19 Town Patrol
45:45 Blast Furnace
ersinsentrk
12:19 Feudal Age
17:12 Castle Age
15:17 Stone Mining
15:23 Double-Bit Axe
16:37 Horse Collar
17:16 Gold Mining
18:55 Bow Saw
27:34 Padded Archer Armor
28:47 Ballistics
29:36 Wheelbarrow
28:47 Town Watch
29:25 Fletching
29:49 Scale Mail Armor
31:34 Hand Cart
31:40 Town Patrol
32:33 Leather Archer Armor
32:45 Husbandry
32:55 Bloodlines
33:28 Stone Shaft Mining
33:31 Gold Shaft Mining
33:29 Kasbah
33:45 Crossbowman
34:31 Thumb Ring
35:04 Heavy Plow
37:36 Imperial Age
35:22 Elite Skirmisher
36:15 Scale Barding Armor
35:56 Treadmill Crane
36:35 Forging
36:48 Light Cavalry
37:53 Chain Mail Armor
37:58 Chain Barding Armor
37:33 Bodkin Arrow
37:06 Pikeman
37:50 Squires
38:36 Iron Casting
38:14 Cavalier
38:15 Heavy Camel Rider
39:11 Masonry
40:40 Hussar
41:57 Plate Barding Armor
41:53 Plate Mail Armor
41:53 Ring Archer Armor
41:23 Bracer
42:28 Chemistry
41:20 Arson
40:56 Man-at-Arms
41:03 Elite Genitour
43:40 Blast Furnace
42:49 Siege Engineers
43:06 Conscription
42:11 Long Swordsman
42:15 Heavy Cavalry Archer
43:23 Murder Holes
45:03 Crop Rotation
44:22 Loom
45:33 Fortified Wall
45:12 Arrowslits
44:52 Elite Camel Archer
45:16 Two-Handed Swordsman
48:29 Hoardings
47:53 Champion
48:32 Guard Tower
Connection lost

Rejoining the realm…

Still unreachable

The connection could not be restored.

Session expired

The server has moved on; the page needs a fresh start.